 Dungeon Crawl Stone Soup version 0.32-a0-986-ga09f62fbf4 (webtiles) character file.

Game seed: 4042358739107957490

2295 petete the Digger (level 9, -2/65 HPs)
             Began as a Vampire Earth Elementalist on Apr 21, 2024.
             Was an Initiate of Vehumet.
             Slain by a killer bee (7 damage)
             ... on level 7 of the Dungeon on Apr 22, 2024.
             The game lasted 00:26:25 (6061 turns).

petete the Digger (Vampire Earth Elementalist)      Turns: 6061, Time: 00:26:25

Health: -2/65      AC: 10    Str:  7    XL:     9   Next: 17%
Magic:  6/16       EV: 11    Int: 22    God:    Vehumet [......]
Gold:   308        SH:  0    Dex: 14    Spells: 7/18 levels left

rFire   . . .        b - staff of earth
rCold   . . .        (no shield)
rNeg    . . .        H - +3 leather armour
rPois   .            (no helmet)
rElec   .            F - +0 cloak
rCorr   +            p - +2 pair of gloves
SInv    +            (no boots)
Will    .....        (no amulet)
Stlth   +++          x - ring of resist corrosion
HPRegen 0.50/turn    (no ring)
MPRegen 0.15/turn

%: no passive effects
@: healing quickly
A: alive, fangs 3, see invisible, vampiric 2
a: Exsanguinate, Renounce Religion


You were on level 7 of the Dungeon.
You worshipped Vehumet.
Vehumet was noncommittal.
You visited 2 branches of the dungeon, and saw 9 of its levels.

You collected 333 gold pieces.
You spent 25 gold pieces at shops.

Inventory:

Hand Weapons
 a - the +10 long sword of the Poles {freeze, rElec SInv}
   (You found it on level 3 of the Dungeon)

   rElec:     It insulates you from electricity.
   SInv:      It lets you see invisible.
 h - a +2 dagger of electrocution
 s - a +0 dagger of venom
Missiles
 d - 16 poisoned darts
 I - 2 throwing nets
Armour
 p - a +2 pair of gloves (worn)
 u - a +0 crystal plate armour
 v - a +0 kite shield
 F - a +0 cloak (worn)
 H - a +3 leather armour (worn)
Magical Staves
 b - a staff of earth (weapon)
Jewellery
 q - the amulet of Discretion {Acrobat Harm +Blink Regen+ Str-3}
   (You found it on level 4 of the Dungeon)

   [amulet of the acrobat]

   Acrobat:   It increases your evasion while moving and waiting.
   Str-3:     It affects your strength (-3).
   +Blink:    It lets you blink.
   Regen+:    It increases your rate of health regeneration.
   Harm:      It increases damage dealt and taken.
 x - a ring of resist corrosion (left hand)
Wands
 f - a wand of flame (76)
 G - a wand of warping (11)
Scrolls
 c - 2 scrolls of fear {unknown}
 e - 3 scrolls of enchant armour {unknown}
 g - a scroll of summoning
 k - 2 scrolls of fog {unknown}
 l - 2 scrolls of teleportation {unknown}
 n - 2 scrolls of vulnerability {unknown}
 y - a scroll of brand weapon {unknown}
 A - 4 scrolls of revelation
 C - a scroll of torment {unknown}
 D - a scroll of blinking {unknown}
 E - 2 scrolls of poison {unknown}
Potions
 i - 2 potions of berserk rage
 j - 2 potions of heal wounds
 m - 2 potions of haste
 o - 3 potions of curing
 r - a potion of ambrosia
 t - a potion of cancellation
 w - 2 potions of enlightenment
 z - a potion of magic
 B - a potion of brilliance


   Skills:
 - Level 4.0 Fighting
 - Level 2.0(3.5) Short Blades
 - Level 4.0(4.2) Long Blades
 - Level 1.1 Throwing
 + Level 2.5 Dodging
 - Level 5.0 Stealth
 + Level 5.2 Spellcasting
 - Level 2.0 Conjurations
 - Level 7.0 Earth Magic
 - Level 4.3 Alchemy


You had 7 spell levels left.
You knew the following spells:

 Your Spells              Type           Power      Damage    Failure   Level
a - Sandblast             Erth           100%       2d20      1%          1
b - Passwall              Erth           53%        N/A       2%          3
c - Stone Arrow           Conj/Erth      76%        3d11      7%          3
d - Petrify               Alch/Erth      46%        N/A       14%         4

Your spell library contained the following spells:

 Spells                   Type           Power      Damage    Failure   Level
 Lesser Beckoning         Tloc           10%        N/A       22%         2
 Brom's Barrelling Bould  Conj/Erth      38%        2d6       22%         4
 Call Canine Familiar     Summ           5%         N/A       41%         3
 Maxwell's Portable Pile  Tloc           5%         2d(5-15)  41%         3
 Sigil of Binding         Hex            5%         N/A       41%         3
 Teleport Other           Tloc           5%         N/A       41%         3
 Dimensional Bullseye     Hex/Tloc       2%         N/A       83%         4


Dungeon Overview and Level Annotations

Branches:
Dungeon (8/15)             Temple (1/1) D:7
   Lair: D:8-11

Altars:
Ashenzari
Cheibriados
Dithmenos
Fedhas
Gozag
Hepliaklqana
Makhleb
Okawaru
Qazlal
Ru
Sif Muna
Trog
Uskayaw
Vehumet
Wu Jian
Xom
Yredelemnul

Shops:
D:4 *   D:6 :

Annotations:
D:3 Sigmund


Innate Abilities, Weirdness & Mutations

Your natural rate of healing is accelerated.
You have razor-sharp teeth.
You have supernaturally acute eyesight. (SInv)
You are afflicted with vampirism and can become a bat while bloodless.


Message History

You feel a surge of power!
The blast of sand hits the killer bee.
The killer bee is moderately wounded.
The killer bee stings you but does no damage.
The killer bee misses you. The orc hits you but does no damage.
The howler monkey closely misses you. The howler monkey hits you.
* * * LOW HITPOINT WARNING * * *
The killer bee closely misses you.
Unknown command.
Aiming: Sandblast (safe; 1% risk of failure)
Press: ? - help, Q - select action, (/) - cycle Shift-Dir - straight line, f - killer bee
Aim: a killer bee (moderately wounded, 70% to hit)
You feel a surge of power!
The blast of sand hits the killer bee!
The killer bee is almost dead.
The killer bee closely misses you.
The orc hits you from afar with a +0 trident.
* * * LOW HITPOINT WARNING * * *
The howler monkey hits you.
* * * LOW HITPOINT WARNING * * *
The howler monkey hits you.
* * * LOW HITPOINT WARNING * * *
The killer bee stings you but does no damage.
The orc closely misses you. The howler monkey misses you.
The howler monkey hits you.
* * * LOW HITPOINT WARNING * * *
The killer bee stings you.
* * * LOW HITPOINT WARNING * * *
The killer bee attacks as it pursues you!
The killer bee barely misses you.
The howler monkey hits you but does no damage.
The killer bee closely misses you.
Aiming: Sandblast (safe; 1% risk of failure)
Press: ? - help, Q - select action, (/) - cycle Shift-Dir - straight line, f - howler monkey, p - killer bee
Aim: a howler monkey (84% to hit)
You feel a surge of power!
The blast of sand hits the killer bee!!
You kill the killer bee!
Vehumet accepts your kill.
The howler monkey hits you but does no damage.
The howler monkey hoots and howls with incredible vigour!
The killer bee stings you!
You die...

##................#...#
#.................#.....
#.##.....##............
.. #......#..#........#
#. .
##.......##...#...##...
....#........###......
#......).##.......
#......#)).# .)...
##.....#@h##......
.......##yhc......
.:.....h†##)##..##
.......og...#
...........#
..##........# .
...##.....# ...#
##....$. ...< ..#....


You could see a centaur, 2 howler monkeys and a killer bee.

Vanquished Creatures
  Grinder (D:6)
  A water moccasin (D:5)
  A black bear (D:8)
  An orc warrior (D:8)
  2 ogres
  3 centaurs
  A kobold brigand (D:6)
  A bullfrog (D:4)
  2 gnoll sergeants
  A scorpion (D:5)
  10 killer bees
  2 jellies
  2 sleepcaps
  A bombardier beetle (D:4)
  3 hounds
  An orc priest (D:7)
  Crazy Yiuf (D:5)
  3 iguanas
  An orc wizard (D:5)
  13 gnolls
  6 adders
  A shadow imp (D:6)
  4 ufetubi (D:6)
  2 ribbon worms
  2 dart slugs
  7 orcs
  5 ball pythons
  5 bats
  9 endoplasms
  A giant cockroach (D:4)
  12 goblins
  7 hobgoblins
  4 jackals (D:1)
  A quokka (D:3)
  A frilled lizard (D:3)
  4 kobolds
  7 rats
129 creatures vanquished.

Notes
Turn   | Place    | Note
-------+----------+-------------------------------------------
     0 | D:1      | petete the Vampire Earth Elementalist began the quest for
                  | the Orb.
     0 | D:1      | Reached XP level 1. HP: 13/13 MP: 3/3
   184 | D:1      | Reached XP level 2. HP: 19/19 MP: 0/5
   837 | D:1      | Gained mutation: You are afflicted with vampirism and can
                  | become a bat while bloodless. [Vampire growth]
   837 | D:1      | Reached XP level 3. HP: 24/24 MP: 5/7
   841 | D:1      | Learned a level 3 spell: Passwall
   845 | D:1      | Learned a level 3 spell: Stone Arrow
  1111 | D:2      | Reached skill level 4 in Earth Magic
  1240 | D:2      | Reached XP level 4. HP: 30/30 MP: 6/8
  1917 | D:3      | Noticed Sigmund
  1925 | D:2      | Reached skill level 1 in Conjurations
  2276 | D:4      | Reached XP level 5. HP: 35/35 MP: 7/10
  2281 | D:4      | Learned a level 4 spell: Petrify
  2422 | D:4      | Found Duabida's Assorted Antiques.
  2708 | D:3      | Found an iron altar of Okawaru.
  2911 | D:3      | Identified the +10 long sword of the Poles {freeze, rElec
                  | SInv}
  2983 | D:3      | Found a shimmering blue altar of Sif Muna.
  3107 | D:4      | Bought a green potion for 25 gold pieces
  3222 | D:4      | Reached skill level 1 in Alchemy
  3450 | D:4      | Reached skill level 5 in Earth Magic
  3450 | D:4      | Reached XP level 6. HP: 41/41 MP: 8/12
  3494 | D:4      | Identified the amulet of Discretion {Acrobat Harm +Blink
                  | Regen+ Str-3}
  3637 | D:4      | Reached skill level 1 in Long Blades
  3823 | D:5      | Entered Level 5 of the Dungeon
  3855 | D:5      | Reached skill level 1 in Fighting
  3870 | D:5      | Reached skill level 1 in Short Blades
  3983 | D:5      | Reached XP level 7. HP: 34/49 MP: 8/13
  4028 | D:5      | Found a shadowy altar of Dithmenos.
  4264 | D:5      | Found a runed translucent door.
  4265 | D:5      | Noticed Crazy Yiuf
  4397 | D:5      | Reached skill level 5 in Spellcasting
  4751 | D:5      | Found a stormy altar of Qazlal.
  4801 | D:5      | Killed Crazy Yiuf
  4852 | D:6      | Found Jaahep's Tremendous Tomes.
  4963 | D:6      | Reached skill level 1 in Throwing
  5175 | D:6      | Noticed Grinder
  5186 | D:6      | Killed Grinder
  5187 | D:6      | Reached skill level 6 in Earth Magic
  5187 | D:6      | Reached XP level 8. HP: 40/57 MP: 8/15
  5586 | D:6      | You fall into a shaft and drop 2 floors!
  5743 | D:8      | HP: 2/57 [orc/+0 club (2)]
  5788 | D:8      | HP: 2/58 [centaur (1)]
  5804 | D:8      | Reached skill level 5 in Stealth
  5881 | D:8      | Reached XP level 9. HP: 46/64 MP: 14/16
  5909 | D:7      | Found a staircase to the Ecumenical Temple.
  5920 | Temple   | Entered the Ecumenical Temple
  5969 | Temple   | Became a worshipper of Vehumet
  6054 | D:7      | Reached skill level 7 in Earth Magic
  6059 | D:7      | HP: 3/65 [killer bee (2)]
  6061 | D:7      | Slain by a killer bee

Illustrated notes

Levels and vault maps discovered:
D:1:      saegor_arrival_under_anarchy, layout_basic
D:2:      layout_loops_cross, serial_forest, infiniplex_forest_lined_3_way,
          infiniplex_forest_clump_double, infiniplex_forest_zigzag_1,
          infiniplex_forest_lined_room_, infiniplex_forest_zigzag_2,
          infiniplex_forest_clump_small, minmay_misc_feat_room,
          minmay_rat_gold_closets
D:3:      layout_loops_ring, okawaru_gym_becter, hellmonk_sif_muna_bookshelves,
          kennysheep_doodads, reono_crystal_passage, uniq_sigmund
D:4:      layout_basic, serial_shops, shop
D:5:      layout_basic, nicolae_qazlal_eye_of_the_storm,
          nicolae_overflow_crystal_walls, uniq_crazy_yiuf_cottage
D:6:      layout_basic, blue_anna_alchemist, nicolae_shop_i_like_big_books,
          uniq_grinder
D:7:      layout_cave_pools, pf_just_have_faith,
          minmay_temple_entry_proselytizer, enter_bailey_5
D:8:      layout_gridville, nicolae_elyvilon_peaceful_grove
Temple:   regret_index_temple_waves

Skill      XL: |  1  2  3  4  5  6  7  8  9 |
---------------+----------------------------+-----
Spellcasting   | 3 4 5 |  5.2
Earth Magic    | 4 5 6 7 |  7.0
Conjurations   | 1 2 |  2.0
Alchemy        | 1 3 4 |  4.3
Long Blades    | 1 3 4 |  4.0
Fighting       | 1 2 3 4 |  4.0
Short Blades   | 1 2 |  2.0
Throwing       | 1 |  1.1
Stealth        | 5 |  5.0
Dodging        | |  2.5

Action                     |  1- 3 |  4- 6 |  7- 9 || total
---------------------------+-------+-------+-------++-------
  Melee: Unarmed           |     5 |       |       ||     5
         Dagger            |    31 |     7 |       ||    38
         Bite              |     3 |     1 |     6 ||    10
         Long sword        |       |       |    74 ||    74
   Cast: Sandblast         |    35 |    76 |    87 ||   198
         Stone Arrow       |       |       |     2 ||     2
    Use: Scroll            |       |     7 |     3 ||    10
         Potion            |       |       |     4 ||     4
   Stab: Sleeping          |       |     1 |       ||     1
 Armour: Robe              |    27 |    21 |    70 ||   118
         Leather armour    |       |       |   111 ||   111
  Dodge: Dodged            |    19 |    22 |   142 ||   183

Table legend: (Time is in decaauts)
 A = Elapsed time spent in this place.
 B = Non-inter-level travel time spent in this place.
 C = Inter-level travel time spent in this place.
 D = Time resting spent in this place.
 E = Time spent auto-exploring this place.
 F = Levels seen in this place.
 G = Mean time per level.
                   A        B        C        D        E       F      G
               +--------+--------+--------+--------+--------+-----+--------+
         Total |   6177 |   5826 |    351 |     87 |   4620 |   9 |  686.3 |
       Dungeon |   6079 |   5824 |    255 |     87 |   4620 |   8 |  759.9 |
        Temple |     98 |      2 |     96 |      0 |      0 |   1 |   98.0 |
               +--------+--------+--------+--------+--------+-----+--------+

Top non-repeatable levels by time:
     D:5: 1194 daAuts
     D:1: 1091 daAuts
     D:4: 1025 daAuts
     D:2: 894 daAuts
     D:3: 859 daAuts
     D:6: 614 daAuts
     D:8: 308 daAuts
  Temple: 98 daAuts
     D:7: 90 daAuts
